 Dungeon Crawl Stone Soup version 0.29.1-1-gd02db6906a (webtiles) character file.

Game seed: 12950950349353464894

1031 Hadkhar the Poker (level 8, -4/63 HPs)
             Began as a Merfolk Gladiator on Oct 13, 2022.
             Was a Believer of Okawaru.
             Killed from afar by a gargoyle (23 damage)
             ... with a stone arrow
             ... on level 6 of the Dungeon.
             The game lasted 00:43:37 (6673 turns).

Hadkhar the Poker (Merfolk Gladiator)               Turns: 6673, Time: 00:43:38

Health: -4/63      AC:  7    Str: 17    XL:     8   Next: 23%
Magic:  7/8        EV: 13    Int: 15    God:    Okawaru [**....]
Gold:   168        SH:  4    Dex: 17    Spells: 7/7 levels left

rFire   . . .      SeeInvis .   M - +9 whip "Beysuy" {vorpal, Will+ Int+2 Dex+2}
rCold   + . .      Faith    .   N - +0 buckler
rNeg    + . .      Spirit   .   L - +1 leather armour of Time Monsters {rN+ Will++ Int+6}
rPois   .          Reflect  .   c - +0 helmet
rElec   .          Harm     .   r - +0 cloak
rCorr   +          Rampage  .   C - +0 pair of gloves
Will    +++..                   (no boots)
Stlth   +.........              (no amulet)
HPRegen 0.20/turn               l - ring of resist corrosion
MPRegen 0.11/turn               x - ring of protection from cold

@: no status effects
A: (nimble swimmer 2), mertail
a: Renounce Religion, Heroism


You were on level 6 of the Dungeon.
You worshipped Okawaru.
Okawaru was pleased with you.
You visited 2 branches of the dungeon, and saw 7 of its levels.

You collected 168 gold pieces.

Inventory:

Hand Weapons
 a - a +0 trident
 u - a +0 halberd
 z - a +0 lajatang
 I - the +6 short sword "Ekleack" {vorpal, rN+}
   (You found it on level 4 of the Dungeon)

   It inflicts extra damage upon your enemies.
   rN:        It protects you from negative energy.
 M - the +9 whip "Beysuy" (weapon) {vorpal, Will+ Int+2 Dex+2}
   (You found it on level 5 of the Dungeon)

   It inflicts extra damage upon your enemies.
   Int:       It affects your intelligence (+2).
   Dex:       It affects your dexterity (+2).
   Will:      It increases your willpower.
Missiles
 d - 2 throwing nets
 e - 3 javelins
 f - 9 poisoned darts
 w - 5 boomerangs (quivered)
Armour
 c - a +0 helmet (worn)
 r - a +0 cloak (worn)
 C - a +0 pair of gloves (worn)
 L - the +1 leather armour of Time Monsters (worn) {rN+ Will++ Int+6}
   (You found it on level 4 of the Dungeon)

   Int:       It affects your intelligence (+6).
   rN:        It protects you from negative energy.
   Will:      It greatly increases your willpower.
 N - a +0 buckler (worn)
Magical Staves
 m - a staff of air
 n - a staff of fire
Jewellery
 l - a ring of resist corrosion (left hand)
 o - a ring of flight
 x - a ring of protection from cold (right hand)
 O - a ring of protection from fire
Wands
 G - a wand of digging (10)
Scrolls
 g - a scroll of enchant weapon {unknown}
 i - 2 scrolls of noise
 k - a scroll of immolation {unknown}
 p - a scroll of acquirement {unknown}
 q - 3 scrolls of teleportation {unknown}
 v - 2 scrolls of fear {unknown}
 y - a scroll of torment {unknown}
 A - a scroll of magic mapping {unknown}
 D - 2 scrolls of vulnerability {unknown}
 E - a scroll of brand weapon {unknown}
 J - a scroll of enchant armour {unknown}
 Q - a scroll of identify
 R - a scroll of butterflies {unknown}
Potions
 b - a potion of invisibility
 h - 6 potions of heal wounds
 j - 3 potions of haste
 s - a potion of might
 t - a potion of degeneration
 B - a potion of mutation {unknown}
 F - a potion of attraction {unknown}
 H - a potion of curing {unknown}
 K - a potion of ambrosia {unknown}
 P - a potion of lignification {unknown}


   Skills:
 + Level 5.5 Fighting
 + Level 1.4 Maces & Flails
 - Level 6.6 Polearms
 - Level 4.8 Throwing
 + Level 2.9 Armour
 - Level 4.7 Dodging
 + Level 1.0 Shields


You had 7 spell levels left.
You didn't know any spells.
Your spell library was empty.

Dungeon Overview and Level Annotations

Branches:
Dungeon (6/15)             Temple (1/1) D:4

Altars:
Ashenzari
Dithmenos
Elyvilon
Fedhas
Gozag
Hepliaklqana
Kikubaaqudgha
Makhleb
Nemelex Xobeh
Okawaru
Qazlal
Uskayaw
Vehumet
Xom
Yredelemnul
Zin
The Shining One


Innate Abilities, Weirdness & Mutations

((You are very nimble when in or above water. (Stealth+, EV+, Speed+++)))
Your lower body shifts to a powerful aquatic tail in water.


Message History

The gargoyle hurls a stone arrow at you.
The stone arrow hits you!
You barely miss the gargoyle.
The gargoyle hurls a stone arrow at you.
The stone arrow hits you!
You hit the gargoyle but do no damage. The gargoyle completely misses you.
You barely miss the gargoyle. The gargoyle misses you.
You hit the gargoyle but do no damage. The gargoyle closely misses you.
You hit the gargoyle.
The gargoyle is lightly damaged.
You hit the gargoyle but do no damage.
The gargoyle is lightly damaged.
The gargoyle misses you.
You hit the gargoyle but do no damage.
The gargoyle is lightly damaged.
The gargoyle hurls a stone arrow at you.
The stone arrow hits you!
You whack the gargoyle!
The gargoyle is heavily damaged.
The gargoyle barely misses you.
You hit the gargoyle but do no damage.
The gargoyle is heavily damaged.
The gargoyle hurls a stone arrow at you.
The stone arrow misses you.
You hit the gargoyle.
The gargoyle is severely damaged.
You barely miss the gargoyle.
The gargoyle is severely damaged.
The gargoyle hurls a stone arrow at you.
The stone arrow misses you.
You hit the gargoyle but do no damage.
The gargoyle is severely damaged.
You feel like a meek peon again.
The gargoyle hurls a stone arrow at you.
The stone arrow hits you!
You barely miss the gargoyle.
The gargoyle is severely damaged.
The gargoyle hurls a stone arrow at you.
The stone arrow hits you!!
You die...

#.. #.#.. ##
#.#.##.## #.#.8..$#.
#.#....$#. #.#....$#
#?9.8..$# #@..##
#....## #.....###+ #
######## #.........
#
#......#####..######
# #............## #
#......####### #
#......#....# #
#......#....####


You could see a gargoyle.

Vanquished Creatures
  Grinder (D:4)
  Blork the orc (D:4)
  A gnoll sergeant (D:5)
  2 scorpions
  2 necrophages
  A howler monkey (D:5)
  3 hounds
  Jessica (D:2)
  2 iguanas (D:5)
  Terence (D:2)
  Robin (D:2)
  9 gnolls
  5 adders
  A shadow imp (D:6)
  An ufetubus (D:5)
  3 worms
  2 dart slugs
  An orc (D:3)
  6 endoplasms
  3 giant cockroaches
  15 goblins
  8 hobgoblins
  3 jackals (D:2)
  4 quokkas
  4 ball pythons
  6 bats
  3 frilled lizards
  4 kobolds
  5 rats
99 creatures vanquished.

Notes
Turn   | Place    | Note
-------+----------+-------------------------------------------
     0 | D:1      | Hadkhar the Merfolk Gladiator began the quest for the Orb.
     0 | D:1      | Reached XP level 1. HP: 16/16 MP: 1/1
   330 | D:1      | Reached XP level 2. HP: 23/23 MP: 2/2
  1075 | D:2      | Found a faded altar of an unknown god.
  1090 | D:2      | Noticed Terence
  1111 | D:2      | Killed Terence
  1112 | D:2      | Reached XP level 3. HP: 16/28 MP: 3/3
  1284 | D:2      | Noticed Jessica
  1295 | D:2      | Killed Jessica
  1296 | D:2      | Reached XP level 4. HP: 33/35 MP: 4/4
  1911 | D:2      | Reached skill level 5 in Polearms
  1919 | D:2      | Reached XP level 5. HP: 33/41 MP: 5/5
  2694 | D:2      | Noticed Robin
  2710 | D:2      | Killed Robin
  3183 | D:3      | Reached skill level 1 in Armour
  3946 | D:4      | Noticed Blork the orc
  3946 | D:4      | Found a hazy altar of Hepliaklqana.
  4194 | D:4      | You are sucked into a shaft and drop 1 floor!
  4194 | D:5      | Entered Level 5 of the Dungeon
  4200 | D:4      | Found a staircase to the Ecumenical Temple.
  4205 | Temple   | Entered the Ecumenical Temple
  4313 | Temple   | Became a worshipper of Warmaster Okawaru
  4404 | D:4      | Reached XP level 6. HP: 43/48 MP: 6/6
  4404 | D:4      | Noticed Grinder
  4406 | D:4      | Paralysed by Grinder for 3 turns
  4416 | D:4      | Killed Grinder
  4416 | D:4      | Reached * piety under Okawaru
  4417 | D:4      | Reached skill level 6 in Polearms
  4417 | D:4      | Reached XP level 7. HP: 25/55 MP: 7/7
  4663 | D:4      | Identified the +6 short sword "Ekleack" {vorpal, rN+}
  4792 | D:4      | Killed Blork the orc
  5152 | D:4      | Identified the +1 leather armour of Time Monsters {rN+
                  | Will++ Int+6}
  5588 | D:5      | Identified the +9 whip "Beysuy" {vorpal, Will+ Int+2 Dex+2}
  5694 | D:5      | Reached skill level 5 in Fighting
  5925 | D:5      | Reached XP level 8. HP: 51/62 MP: 8/8
  5940 | D:5      | Reached ** piety under Okawaru
  5941 | D:5      | Reached skill level 1 in Maces & Flails
  6579 | D:6      | Reached skill level 1 in Shields
  6656 | D:6      | Noticed a gargoyle
  6673 | D:6      | Killed from afar by a gargoyle

Illustrated notes

Levels and vault maps discovered:
D:1:      dpeg_arrival_pond, layout_loops_ring
D:2:      layout_basic, nicolae_ecumenical_pavilion,
          nicolae_concentric_dashed_squares_mild, uniq_robin, uniq_jessica,
          uniq_terence
D:3:      layout_basic, reono_crystal_passage, chequers_serial_rivers_marsh,
          st_stairs_11
D:4:      layout_loops_corners, mainiacjoe_overflow_tiny_flanked,
          minmay_temple_entry_from_below_a, uniq_blork_the_orc, uniq_grinder
D:5:      layout_cave_pools
D:6:      layout_basic, jmf_multi_god_temple, grunt_ministairs_10
Temple:   lightli_temple_of_artemis

Skill      XL: |  1  2  3  4  5  6  7  8 |
---------------+-------------------------+-----
Fighting       | 3 4 5 |  5.5
Polearms       | 5 6 |  6.6
Throwing       | 3 4 |  4.8
Armour         | 1 2 |  2.9
Maces & Flails | 1 |  1.4
Shields        | 1 |  1.0
Dodging        | |  4.7

Action                   |  1- 3 |  4- 6 |  7- 9 || total
-------------------------+-------+-------+-------++-------
Melee: Trident           |    63 |    56 |       ||   119
       Halberd           |       |   121 |    31 ||   152
       Whip              |       |       |    66 ||    66
Throw: Dart              |     7 |     3 |     5 ||    15
       Throwing net      |     1 |       |       ||     1
       Javelin           |       |       |     3 ||     3
       Boomerang         |       |       |     1 ||     1
Invok: Heroism           |       |       |     1 ||     1
  Use: Scroll            |       |       |     6 ||     6
 Stab: Held in net/web   |     1 |       |       ||     1
Armor: Leather armour    |    15 |    24 |    19 ||    58
       Ring mail         |       |    44 |     1 ||    45
Dodge: Dodged            |    21 |   122 |    67 ||   210
Block: Buckler           |       |       |     1 ||     1
